AoeStats
← betatheking

Black Forest

505563812Analyzed
4v4 RM · 23d ago on Sep 10, 2026· 57m 59s· 8 players
Game mode
Random Map
Map size
Large (8 player)
Population
200
Speed
Normal
Resources
Standard
Victory
Conquest
Starting age
Dark Age
Ending age
Imperial Age
RankedLock teamsTeams togetherTeam positionsShared explorationLock speedFull tech treeHidden civsTurbo modeCheats
Victory
Defeat
🇳🇱 Burmese · Netherlands
836
+16
🇺🇸 Celts · United States
821
+17
🇨🇦 Slavs · Canada
810
+17
🇲🇽 Persians · Mexico
802
+17
🇲🇽 Khmer · Mexico
916
-20
🇮🇳 Hindustanis · India
888
-19
🇲🇽 Berbers · Mexico
785
-15
🇺🇸 Saracens · United States
752
-13
Reblieble
0:27 Loom
14:08 Feudal Age
14:53 Horse Collar
23:56 Castle Age
22:23 Gold Mining
24:48 Pikeman
25:15 Gambesons
25:30 Squires
25:34 Arson
30:42 Scale Mail Armor
30:52 Forging
32:47 Wheelbarrow
34:26 Gold Shaft Mining
36:00 Hand Cart
40:13 Imperial Age
38:38 Padded Archer Armor
38:28 Fletching
39:13 Iron Casting
38:44 Scale Barding Armor
39:15 Fortified Wall
39:35 Ballistics
40:09 Bodkin Arrow
40:32 Chain Mail Armor
40:38 Elite Arambai
41:41 Conscription
40:55 Halberdier
42:28 Manipur Cavalry
42:35 Bracer
43:15 Manipur Cavalry
44:49 Plate Mail Armor
45:19 Blast Furnace
44:40 Chain Barding Armor
45:01 Husbandry
45:11 Bloodlines
54:34 Plate Barding Armor
Michaeldm6945
2:28 Loom
14:09 Feudal Age
15:14 Double-Bit Axe
17:12 Wheelbarrow
16:52 Gold Mining
17:53 Stone Mining
22:16 Castle Age
24:22 Hand Cart
23:49 Man-at-Arms
26:00 Coinage
29:51 Bow Saw
33:01 Caravan
33:48 Stone Shaft Mining
33:49 Gold Shaft Mining
33:39 Treadmill Crane
34:10 Masonry
34:12 Fortified Wall
39:19 Imperial Age
37:50 Ballistics
38:42 Scale Barding Armor
38:47 Forging
38:38 Scale Mail Armor
38:29 Fletching
41:32 Chemistry
39:59 Elite Woad Raider
41:17 Hoardings
40:41 Town Watch
41:18 Chain Barding Armor
41:00 Padded Archer Armor
41:02 Cavalier
41:45 Husbandry
41:06 Light Cavalry
41:46 Bodkin Arrow
42:00 Onager
42:03 Capped Ram
43:29 Stronghold
44:19 Siege Ram
45:34 Heavy Scorpion
47:05 Furor Celtica
49:42 Banking
49:23 Guilds
50:13 Paladin
53:34 Siege Onager
56:21 Conscription
55:32 Sappers
56:44 Iron Casting
56:24 Chain Mail Armor
56:19 Siege Engineers
56:00 Arrowslits
betatheking
2:35 Loom
16:15 Feudal Age
16:39 Horse Collar
16:54 Double-Bit Axe
24:19 Gold Mining
28:57 Castle Age
29:42 Heavy Plow
29:54 Bow Saw
29:37 Stone Mining
30:23 Gold Shaft Mining
42:39 Imperial Age
43:57 Elite Boyar
44:58 Scale Barding Armor
46:55 Chain Barding Armor
Rompe--Anos
0:32 Loom
16:19 Feudal Age
21:54 Castle Age
20:04 Double-Bit Axe
38:53 Imperial Age
40:34 Chemistry
45:04 Scale Barding Armor
45:57 Ballistics
45:43 Elite War Elephant
46:46 Forging
47:03 Horse Collar
48:02 Wheelbarrow
47:55 Chain Barding Armor
48:42 Bow Saw
50:51 Iron Casting
49:44 Pikeman
50:31 Halberdier
52:59 Conscription
54:17 Blast Furnace
56:21 Heavy Plow
ostiinn
0:39 Loom
14:17 Feudal Age
18:33 Castle Age
18:48 Horse Collar
20:40 Wheelbarrow
19:56 Double-Bit Axe
21:41 Bow Saw
26:07 Heavy Plow
34:29 Gold Mining
38:10 Imperial Age
36:18 Ballistics
35:55 Murder Holes
36:10 Fortified Wall
36:22 Caravan
37:22 Bloodlines
37:13 Husbandry
38:47 Kasbah
38:15 Heavy Camel Rider
40:25 Chemistry
40:08 Thumb Ring
40:54 Conscription
41:36 Maghrebi Camels
41:57 Scale Barding Armor
42:02 Forging
41:53 Padded Archer Armor
43:05 Elite Camel Archer
46:00 Fletching
46:26 Leather Archer Armor
46:47 Iron Casting
46:32 Chain Barding Armor
50:54 Elite Genitour
Josep Zicri
0:31 Loom
10:37 Feudal Age
18:04 Double-Bit Axe
21:11 Castle Age
24:08 Horse Collar
29:38 Fortified Wall
35:47 Imperial Age
33:30 Stone Mining
33:35 Gold Mining
33:48 Heavy Plow
38:50 Bow Saw
39:47 Crop Rotation
42:03 Wheelbarrow
41:14 Town Watch
42:07 Stone Shaft Mining
42:10 Gold Shaft Mining
44:07 Husbandry
44:17 Bloodlines
43:28 Light Cavalry
44:54 Hand Cart
44:40 Town Patrol
45:45 Chemistry
45:05 Ballistics
44:41 Murder Holes
44:53 Siege Engineers
44:58 Masonry
45:43 Hussar
46:34 Heavy Scorpion
48:23 Conscription
48:06 Double Crossbow
48:21 Forging
51:23 Scale Barding Armor
51:54 Iron Casting
52:04 Elite Ballista Elephant
52:44 Tusk Swords
Justice
0:27 Loom
23:45 Feudal Age
24:15 Horse Collar
24:22 Double-Bit Axe
27:13 Gold Mining
28:56 Stone Mining
29:42 Wheelbarrow
34:20 Castle Age
33:57 Forging
33:52 Scale Barding Armor
35:14 Heavy Plow
35:26 Bow Saw
36:17 Gold Shaft Mining
36:50 Hand Cart
38:04 Town Watch
40:21 Caravan
40:51 Coinage
41:48 Iron Casting
41:35 Chain Barding Armor
41:32 Bloodlines
41:23 Husbandry
48:52 Imperial Age
49:10 Heavy Camel Rider
51:16 Scale Mail Armor
52:19 Blast Furnace
51:54 Plate Barding Armor
52:12 Conscription
52:06 Counterweights
Boxster553
1:13 Loom
11:58 Feudal Age
13:11 Town Watch
15:28 Wheelbarrow
19:22 Horse Collar
21:49 Castle Age
21:12 Double-Bit Axe
22:49 Hand Cart
22:36 Town Patrol
24:12 Heavy Plow
27:23 Bow Saw
27:36 Caravan
34:22 Imperial Age
32:19 Gold Mining
32:21 Stone Mining
33:57 Gold Shaft Mining
33:59 Stone Shaft Mining
34:17 Grand Trunk Road
35:12 Heavy Camel Rider
35:52 Husbandry
36:03 Bloodlines
35:14 Light Cavalry
36:06 Forging
36:02 Scale Barding Armor
36:26 Conscription
37:34 Two-Man Saw
39:55 Coinage
39:42 Hussar
39:43 Imperial Camel Rider
40:46 Chain Barding Armor
41:02 Iron Casting
41:12 Hoardings
42:56 Banking
43:57 Blast Furnace
43:41 Plate Barding Armor
45:33 Elite Ghulam
46:05 Fletching
46:18 Scale Mail Armor
46:20 Squires
46:06 Arson
Connection lost

Rejoining the realm…

Still unreachable

The connection could not be restored.

Session expired

The server has moved on; the page needs a fresh start.